 Dungeon Crawl Stone Soup version 0.26.0-18-gc5c842f807 (webtiles) character file.

Game seed: 6774558745162367451

271041 Froggeryz the Wrestler (level 20, -2/187 HPs)
             Began as a Ghoul Delver on Jan 22, 2021.
             Was the Champion of Qazlal.
             Slain by an azure jelly (3 damage)
             ... created by the Royal Jelly
             ... on level 5 of the Pits of Slime.
             The game lasted 01:17:09 (41606 turns).

Froggeryz the Wrestler (Ghoul Delver)              Turns: 41606, Time: 01:17:09

Health: -2/187     AC: 10    Str: 23    XL:     20   Next: 22%
Magic:  29/29      EV: 11    Int:  6    God:    Qazlal [******]
Gold:   2830       SH: 22    Dex: 14    Spells: 19/19 levels left

rFire    + + +     SeeInvis .     - Unarmed
rCold    + + +     Faith    .   v - +0 kite shield {reflect}
rNeg     + + +     Spirit   .   Q - +1 scale mail {rF+}
rPois    ∞         Reflect  +   J - +2 helmet "Nuugyt" {rC+ Int+4}
rElec    .         Harm     .   U - +2 cloak of Vuomypp {rC+}
rCorr    +         Rampage  .   (no gloves)
Will     ++...                  y - +0 pair of boots
Stlth    +.........             d - amulet of regeneration
HPRegen  0.00/turn              g - ring of willpower
MPRegen  0.21/turn              l - ring "Obbux" {rF++ rCorr Int-5 Dex+4}

@: mighty, protected from cold, corroded, repel missiles
A: claws 1, cold resistance 1, negative energy resistance 3, inhibited
regeneration, torment resistance, unbreathing
}: 2/15 runes: barnacled, gossamer
a: Renounce Religion, Upheaval, Elemental Force, Disaster Area


You were on level 5 of the Pits of Slime.
You worshipped Qazlal.
Qazlal was exalted by your worship.
You visited 7 branches of the dungeon, and saw 37 of its levels.
You also visited: Sewer, Ossuary, Gauntlet, Ice Cave and Volcano.

You collected 3724 gold pieces.
You spent 894 gold pieces at shops.

Inventory:

Missiles
 M - 6 throwing nets (quivered)
 T - 7 curare-tipped darts
Armour
 v - a +0 kite shield of reflection (worn)
 w - a +1 plate armour of fire resistance
 y - a +0 pair of boots (worn)
 J - the +2 helmet "Nuugyt" (worn) {rC+ Int+4}
   (You found it in a Gauntlet)

   It affects your intelligence (+4).
   It protects you from cold.
 P - a +3 chain mail of fire resistance
 Q - a +1 scale mail of fire resistance (worn)
 U - the +2 cloak of Vuomypp (worn) {rC+}
   (You found it in a Gauntlet)

   It protects you from cold.
Jewellery
 d - an amulet of regeneration (around neck)
 g - a ring of willpower (left claw)
 i - an uncursed ring of wizardry {unknown}
 l - the ring "Obbux" (right claw) {rF++ rCorr Int-5 Dex+4}
   (You acquired it on level 1 of the Lair of Beasts)

   [ring of resist corrosion]

   It affects your intelligence (-5).
   It affects your dexterity (+4).
   It greatly protects you from fire.
   It provides partial protection from all sources of acid and corrosion.
 s - a +4 ring of slaying
 A - an uncursed ring of see invisible {unknown}
 G - an uncursed ring of ice {unknown}
 H - an uncursed ring of poison resistance {unknown}
Wands
 f - a wand of digging (14)
 x - a wand of iceblast (8)
 C - a wand of paralysis (26)
 E - a wand of flame (50)
 I - a wand of disintegration (19)
 S - a wand of acid (5)
Scrolls
 a - 5 scrolls of identify
 b - 5 scrolls of fog
 c - 8 scrolls of magic mapping
 j - 19 scrolls of remove curse
 k - a scroll of blinking
 m - 7 scrolls of enchant armour
 n - 16 scrolls of teleportation
 o - 7 scrolls of noise
 p - a scroll of holy word {unknown}
 r - 2 scrolls of immolation
 z - 3 scrolls of silence
 D - 2 scrolls of torment
 F - 2 scrolls of fear
Potions
 e - 6 potions of haste
 h - 10 potions of curing
 q - 6 potions of might
 u - 11 potions of heal wounds
 B - 7 potions of flight
 L - 2 potions of cancellation
 N - 8 potions of ambrosia
 O - 3 potions of resistance
Miscellaneous
 t - a tin of tremorstones (2/2)
 R - a condenser vane
 W - a phantom mirror (inert)


   Skills:
 - Level 18.0 Fighting
 - Level 10.0 Armour
 - Level 1.7 Dodging
 - Level 5.4 Stealth
 - Level 15.2 Shields
 - Level 21.2 Unarmed Combat
 * Level 14.5 Invocations


You had 19 spell levels left.
You didn't know any spells.
Your spell library contained the following spells:

 Spells                   Type           Power        Failure   Level
 Animate Skeleton         Necr           0%           71%         1
 Corona                   Hex            0%           71%         1
 Freeze                   Ice            0%           71%         1
 Pain                     Necr           0%           71%         1
 Sandblast                Erth           0%           71%         1
 Shock                    Conj/Air       0%           71%         1
 Sting                    Tmut/Pois      0%           71%         1
 Blink                    Tloc           N/A          85%         2
 Passwall                 Tmut/Erth      0%           85%         2
 Poisonous Vapours        Pois/Air       0%           85%         2
 Slow                     Hex            0%           85%         2
 Swiftness                Air            0%           85%         2
 Confusing Touch          Hex            0%           97%         3
 Conjure Flame            Conj/Fire      0%           97%         3
 Dazzling Flash           Conj/Hex       0%           97%         3
 Frozen Ramparts          Ice            0%           97%         3
 Gell's Gravitas          Tloc           0%           97%         3
 Ignite Poison            Fire/Tmut/Pois 0%           97%         3
 Inner Flame              Hex/Fire       0%           97%         3
 Lesser Beckoning         Tloc           0%           97%         3
 Mephitic Cloud           Conj/Pois/Air  0%           97%         3
 Ozocubu's Armour         Ice            0%           97%         3
 Portal Projectile        Hex/Tloc       0%           97%         3
 Static Discharge         Conj/Air       0%           97%         3
 Stone Arrow              Conj/Erth      0%           97%         3
 Teleport Other           Tloc           0%           97%         3
 Vampiric Draining        Necr           0%           97%         3
 Airstrike                Air            0%           100%        4
 Animate Dead             Necr           0%           100%        4
 Cause Fear               Hex            0%           100%        4
 Hailstorm                Conj/Ice       0%           100%        4
 Leda's Liquefaction      Hex/Erth       0%           100%        4
 Olgreb's Toxic Radiance  Pois           0%           100%        4
 Passage of Golubria      Tloc           N/A          100%        4
 Petrify                  Tmut/Erth      0%           100%        4
 Sticky Flame             Conj/Fire      0%           100%        4
 Summon Ice Beast         Ice/Summ       0%           100%        4
 Agony                    Necr           0%           100%        5
 Alistair's Intoxication  Tmut/Pois      0%           100%        5
 Borgnjor's Vile Clutch   Necr/Erth      0%           100%        5
 Irradiate                Conj/Tmut      0%           100%        5
 Lee's Rapid Deconstruct  Erth           0%           100%        5
 Lightning Bolt           Conj/Air       0%           100%        5
 Metabolic Englaciation   Hex/Ice        0%           100%        5
 Silence                  Hex/Air        0%           100%        5
 Summon Mana Viper        Hex/Summ       0%           100%        5
 Yara's Violent Unravell  Hex/Tmut       0%           100%        5
 Death Channel            Necr           0%           100%        6
 Eringya's Noxious Bog    Tmut/Pois      0%           100%        6
 Simulacrum               Ice/Necr       0%           100%        6
 Malign Gateway           Summ/Tloc      0%           100%        7
 Monstrous Menagerie      Summ           0%           100%        7
 Summon Greater Demon     Summ           0%           100%        7
 Chain Lightning          Conj/Air       0%           100%        8
 Discord                  Hex            0%           100%        8
 Lehudib's Crystal Spear  Conj/Erth      0%           100%        8
 Summon Horrible Things   Summ           0%           100%        8
 Absolute Zero            Ice            0%           100%        9
 Fire Storm               Conj/Fire      0%           100%        9
 Sublimation of Blood     Necr           Unusable     N/A         2

Dungeon Overview and Level Annotations

Branches:
Dungeon (15/15) Temple (1/1) D:7 Lair (6/6) D:10 Shoals (4/4) Lair:3 Spider (4/4) Lair:2 Slime (5/5) Lair:6 Orc (2/2) D:10 Elf (0/3) Orc:2 Vaults (0/5) D:12 D:13 Depths (0/5) D:15 Sewer (visited) Ossuary (visited) IceCv (visited) Volcano (visited) Gauntlet (visited)

Altars:
Ashenzari
Cheibriados
Dithmenos
Elyvilon
Fedhas
Gozag
Hepliaklqana
Kikubaaqudgha
Makhleb
Nemelex Xobeh
Okawaru
Qazlal
Ru
Sif Muna
Trog
Uskayaw
Vehumet
Wu Jian
Xom
Yredelemnul
Zin
The Shining One
Jiyva

Shops:
D:8 :   D:9 *   D:11 !   Orc:2 :**:

Portals:
Trove: D:12 (give 13 potions of heal wounds)

Annotations:
Slime:5 Royal Jelly


Innate Abilities, Weirdness & Mutations

You thrive by killing the living.
You are immune to poison.
You have sharp fingernails.
Your flesh is cold resistant. (rC+)
You are immune to negative energy. (rN+++)
You do not regenerate when monsters are visible.
You are immune to unholy pain and torment.
You can survive without breathing.


Message History

You feel much better.
The azure jelly is engulfed in blazing flames.
The acid blob is engulfed in blazing flames.
The acid blob hits you!
* * * LOW HITPOINT WARNING * * *
You are splashed with acid.
You resist.
* * * LOW HITPOINT WARNING * * *
You block the acid blob's attack. You block the death ooze's attack.
The death ooze hits you but does no damage.
The azure jelly is engulfed in blazing flames.
The azure jelly hits you.
* * * LOW HITPOINT WARNING * * *
The azure jelly freezes you! You resist.
Your resistance to fire fades away.
You feel protected from cold.
* * * LOW HITPOINT WARNING * * *
The azure jelly hits you.
* * * LOW HITPOINT WARNING * * *
The azure jelly freezes you. You resist.
You die...

...............
.............J.
...............
...............
...............
.....§§§JJ.....
.....○§JJJ.....
.....§§@JJJ....
.......§J§§...#
##...°.§.....##
###.#.#.....#
#### ##.### ##


You could see the Royal Jelly (inner flame), 3 acid blobs, 2 azure jellies and 4
death oozes.

Vanquished Creatures
  Arachne (Spider:2)
  Rupert (D:12)
  Jorgrun (Spider:1)
  A kraken (Shoals:3)
  Polyphemus (Shoals:2)
  11 acid blobs
  Agnes (D:15)
  Donald (Spider:2)
  Roxanne (Spider:2)
  7 azure jellies
  Ilsuiw (Shoals:3)
  A frost giant (IceCv)
  5 ghost moths
  6 emperor scorpions
  A stone giant (Volcano)
  A spark wasp (Spider:3)
  5 entropy weavers
  A minotaur (Gauntlet)
  6 dire elephants (Lair:6)
  5 merfolk javelineers
  The ghost of Deesahac the Severer, a journeyman BaFi of Cheibriados (Lair:3)
  5 merfolk impalers
  3 boulder beetles
  9 death oozes
  4 great orbs of eyes
  8 hydras
  Harold (D:7)
  5 centaur warriors
  5 catoblepae
  7 merfolk aquamancers
  2 death knights
  A queen ant (Spider:3)
  An ogre mage (D:15)
  A merfolk avatar (Shoals:3)
  4 two-headed ogres
  4 satyrs
  An anaconda (Lair:6)
  3 orc high priests (Orc:2)
  8 death yaks
  Sonja (Lair:4)
  Urug (D:13)
  A hell hog (Gauntlet)
  Nergalle (Lair:2)
  2 unseen horrors
  11 sea snakes
  11 harpies
  3 wizards
  A glowing orange brain (Gauntlet)
  Pikel (D:7)
  11 deep elf magi
  24 orb spiders
  5 orc knights
  16 ugly things
  8 cyclopes
  37 wolf spiders
  4 lindwurms (Lair:6)
  9 manticores
  3 shining eyes
  6 orc sorcerers (Orc:2)
  An oklob plant (Lair:5)
  A faun (shapeshifter) (D:14)
  5 merfolk sirens
  2 moths of wrath
  13 fauns
  Maurice (Orc:1)
  26 elephants
  An ice statue (IceCv)
  2 molten gargoyles (Volcano)
  2 eyes of devastation
  2 water nymphs
  Joseph (D:7)
  A torpor snail (Lair:2)
  A gargoyle (Volcano)
  6 black mambas
  19 cane toads
  5 yaktaurs
  5 rime drakes
  12 komodo dragons
  Maggie (Lair:1)
  6 freezing wraiths
  12 demonic crawlers
  2 efreet
  9 trolls
  26 merfolk
  21 polar bears
  8 hornets
  3 wind drakes
  9 blink frogs
  40 jumping spiders
  43 slime creatures
  16 dream sheep
  12 snapping turtles
  55 redbacks
  A centaur simulacrum (D:12)
  2 shadows
  6 wyverns
  38 yaks
  4 fire bats
  6 wraiths
  15 humans
  12 water elementals
  28 tarantellas
  2 fire elementals (Volcano)
  4 basilisks
  Grum (D:8)
  8 golden eyes
  4 vampire mosquitoes (D:14)
  An acid dragon (D:11)
  5 soldier ants
  14 water moccasins
  3 hell hounds (Gauntlet)
  Duvessa (D:5)
  6 ice beasts
  21 orc warriors
  3 eyes of draining
  2 phantoms (D:9)
  2 necrophages
  3 black bears
  31 wolves
  4 sky beasts
  15 ogres
  11 centaurs
  A wolf (shapeshifter) (D:15)
  A big kobold (D:8)
  13 bullfrogs
  2 gnoll sergeants
  An earth elemental (Volcano)
  3 water moccasin zombies (Ossuary)
  A wyvern zombie (D:13)
  A scorpion (D:5)
  Dowan (D:5)
  2 wyvern skeletons
  A water moccasin skeleton (D:4)
  12 wights
  5 electric eels
  5 lava snakes (Volcano)
  A bullfrog zombie (D:5)
  8 hounds
  3 centaur zombies
  4 jellies
  16 orc priests
  2 bullfrog skeletons
  3 centaur skeletons
  2 gnoll shamans (D:6)
  Crazy Yiuf (D:6)
  22 orc wizards
  Ijyb (D:4)
  2 iguanas
  Terence (D:2)
  24 worker ants
  A big kobold zombie (Ossuary)
  2 bullfrog simulacra (D:12)
  2 hound skeletons (D:9)
  2 mummies (Ossuary)
  A howler monkey zombie (D:7)
  Robin (D:4)
  11 adders
  7 gnolls (D:6)
  A howler monkey skeleton (D:4)
  2 river rats (Sewer)
  A shadow imp (D:8)
  A white imp (D:9)
  2 ufetubi (D:12)
  4 adder zombies (Ossuary)
  A worm (D:3)
  3 dart slugs (D:1)
  6 leopard geckos
  46 orcs
  6 ball pythons (Sewer)
  9 bats
  3 giant cockroaches
  5 gnoll zombies
  17 goblins
  11 hobgoblins
  8 jackals
  28 kobolds
  2 quokkas
  4 frilled lizards
  4 hobgoblin zombies (Ossuary)
  A jackal skeleton (D:6)
  6 kobold zombies (Ossuary)
  6 orc zombies (Ossuary)
  4 quokka skeletons
  28 rats
  A bush (Lair:6)
  4 tentacles (Shoals:3)
1289 creatures vanquished.

Vanquished Creatures (others)
  An orb spider (Spider:2)
  A human (D:13)
  An orc priest (Orc:1)
  A jelly (D:12)
  14 demonic plants (Gauntlet)
  39 fungi
  152 plants
  4 tentacles (Shoals:3)
213 creatures vanquished.

Grand Total: 1502 creatures vanquished

Notes
Turn   | Place    | Note
-------+----------+-------------------------------------------
     0 | D:5      | Froggeryz the Ghoul Delver began the quest for the Orb.
     0 | D:5      | Reached XP level 1. HP: 19/19 MP: 0/0
    15 | D:5      | Noticed a worker ant
   599 | D:3      | Reached skill level 3 in Unarmed Combat
   599 | D:3      | Reached XP level 2. HP: 26/26 MP: 1/1
   849 | D:1      | Reached XP level 3. HP: 22/31 MP: 2/2
  1113 | D:1      | Reached skill level 4 in Unarmed Combat
  1936 | D:2      | Reached XP level 4. HP: 31/38 MP: 3/3
  2055 | D:2      | Found a white marble altar of Elyvilon.
  2230 | D:2      | Noticed Terence
  2252 | D:2      | Killed Terence
  2253 | D:2      | Reached skill level 5 in Unarmed Combat
  3048 | D:4      | Noticed Ijyb
  3101 | D:4      | Killed Ijyb
  3102 | D:4      | Reached XP level 5. HP: 27/45 MP: 4/4
  3177 | D:4      | Reached skill level 6 in Unarmed Combat
  3252 | D:4      | Noticed an ogre
  3275 | D:3      | Reached skill level 1 in Shields
  3326 | D:4      | Reached XP level 6. HP: 48/51 MP: 5/5
  3422 | D:4      | Reached skill level 7 in Unarmed Combat
  3514 | D:4      | Noticed Robin
  3588 | D:4      | Killed Robin
  3896 | D:5      | Reached XP level 7. HP: 57/57 MP: 6/6
  4066 | D:5      | Found a shadowy altar of Dithmenos.
  4130 | D:5      | Reached skill level 8 in Unarmed Combat
  4157 | D:5      | Noticed Dowan
  4425 | D:5      | Noticed Duvessa
  4450 | D:5      | Killed Dowan
  4451 | D:5      | Reached XP level 8. HP: 63/63 MP: 7/7
  4460 | D:5      | Killed Duvessa
  4461 | D:5      | Reached skill level 9 in Unarmed Combat
  4716 | D:6      | Found a glowing drain.
  4737 | Sewer    | Entered a sewer
  5247 | D:6      | Found a sacrificial altar of Ru.
  5457 | D:6      | Found a runed translucent door.
  5458 | D:6      | Noticed Crazy Yiuf
  5911 | D:6      | Killed Crazy Yiuf
  6377 | D:7      | Noticed Joseph
  6402 | D:7      | Killed Joseph
  6403 | D:7      | Reached skill level 10 in Unarmed Combat
  6599 | D:7      | Reached skill level 5 in Shields
  6599 | D:7      | Reached XP level 9. HP: 54/70 MP: 8/8
  6790 | D:7      | Found a staircase to the Ecumenical Temple.
  6807 | Temple   | Entered the Ecumenical Temple
  6934 | Temple   | Became a worshipper of Qazlal Stormbringer
  6995 | Temple   | Reached skill level 11 in Unarmed Combat
  7156 | D:7      | Noticed Pikel
  7157 | D:7      | Noticed Harold
  7167 | D:7      | Killed Pikel
  7186 | D:7      | Killed Harold
  7187 | D:7      | Reached skill level 5 in Fighting
  7187 | D:7      | Reached skill level 12 in Unarmed Combat
  7683 | D:8      | Reached XP level 10. HP: 61/83 MP: 9/9
  7853 | D:8      | Reached * piety under Qazlal
  7931 | D:8      | Reached skill level 13 in Unarmed Combat
  7983 | D:8      | Found Ireafus's Book Emporium.
  8184 | D:8      | Found a sand-covered staircase.
  8189 | Ossuary  | Entered an ossuary
  8345 | Ossuary  | Reached ** piety under Qazlal
  8486 | D:8      | Noticed Grum
  8511 | D:8      | Killed Grum
  9356 | D:9      | Found Lilonn's Changing Room.
  9486 | D:9      | Reached skill level 14 in Unarmed Combat
  9497 | D:9      | Reached *** piety under Qazlal
  9524 | D:9      | Noticed a two-headed ogre
  9527 | D:9      | Killed a two-headed ogre
  9528 | D:9      | Reached XP level 11. HP: 94/94 MP: 10/10
  9968 | D:10     | Entered Level 10 of the Dungeon
 10001 | D:10     | Found a staircase to the Orcish Mines.
 10128 | D:10     | Found a staircase to the Lair.
 10278 | D:10     | Killed an unseen horror
 10279 | D:10     | Reached skill level 15 in Unarmed Combat
 10740 | Lair:1   | Entered Level 1 of the Lair of Beasts
 10999 | Lair:1   | Reached **** piety under Qazlal
 11261 | Lair:1   | Identified a scroll of acquirement
 11273 | Lair:1   | Acquired the ring "Obbux" {rF++ rCorr Int-5 Dex+4}
 11555 | Lair:1   | Noticed Maggie
 11565 | Lair:1   | Killed Maggie
 12202 | Lair:2   | Found a dark tunnel.
 12208 | Volcano  | Entered a volcano
 12209 | Volcano  | Lost intelligence.
 12256 | Volcano  | Reached skill level 16 in Unarmed Combat
 12314 | Volcano  | Reached skill level 10 in Fighting
 12408 | Volcano  | Reached skill level 1 in Armour
 12575 | Volcano  | Noticed a stone giant
 12589 | Volcano  | Killed a stone giant
 12590 | Volcano  | Reached XP level 12. HP: 88/106 MP: 11/11
 12591 | Volcano  | Found a radiant altar of Vehumet.
 12756 | Lair:2   | Noticed Nergalle
 12756 | Lair:2   | Noticed a catoblepas
 12777 | Lair:2   | Killed a catoblepas
 12781 | Lair:2   | Killed Nergalle
 13056 | Lair:2   | Reached skill level 17 in Unarmed Combat
 13411 | Lair:2   | Reached skill level 5 in Armour
 13852 | Lair:2   | Found a hole to the Spider Nest.
 13943 | Lair:3   | Noticed a catoblepas
 14019 | Lair:2   | Killed a catoblepas
 14101 | Lair:3   | Reached skill level 18 in Unarmed Combat
 14101 | Lair:3   | Reached XP level 13. HP: 91/113 MP: 12/12
 14552 | Lair:3   | Found a staircase to the Shoals.
 14656 | Lair:3   | Noticed Deesahac's ghost (journeyman BaFi)
 14659 | Lair:3   | Found a runed translucent door.
 15020 | Lair:3   | Killed Deesahac's ghost
 15093 | Lair:4   | Noticed Sonja
 15109 | Lair:4   | Killed Sonja
 15315 | Lair:4   | Identified the Volume of Glacial Execration
 15357 | Lair:4   | Reached skill level 19 in Unarmed Combat
 15511 | Lair:4   | Reached ***** piety under Qazlal
 16480 | Lair:5   | Reached XP level 14. HP: 83/121 MP: 13/13
 17012 | Lair:6   | Entered Level 6 of the Lair of Beasts
 17096 | Lair:5   | Reached skill level 20 in Unarmed Combat
 17279 | Lair:6   | Found a gate leading to a gauntlet.
 17296 | Gauntlet | Entered a Gauntlet
 17296 | Gauntlet | Found a transporter.
 17405 | Gauntlet | Found a transporter.
 17406 | Gauntlet | Found a transporter.
 17410 | Gauntlet | Found a transporter.
 17418 | Gauntlet | Found a transporter.
 17418 | Gauntlet | Found a transporter.
 17422 | Gauntlet | Found a transporter.
 17422 | Gauntlet | Found a transporter.
 17480 | Gauntlet | Lost intelligence.
 17611 | Gauntlet | Got a jewelled cloak
 17612 | Gauntlet | Identified the +2 cloak of Vuomypp {rC+} (You found it in a
                  | Gauntlet)
 17667 | Gauntlet | Got a fading helmet
 17672 | Gauntlet | Identified the +2 helmet "Nuugyt" {rC+ Int+4} (You found it
                  | in a Gauntlet)
 17910 | Lair:6   | Noticed a dire elephant
 17921 | Lair:6   | Killed a dire elephant
 17968 | Lair:6   | Noticed a dire elephant
 17968 | Lair:6   | Noticed a dire elephant
 17982 | Lair:6   | Killed a dire elephant
 17985 | Lair:6   | Killed a dire elephant
 17999 | Lair:6   | Identified Sif Muna's Incunabulum of the Floating Oath
 18113 | Lair:6   | Noticed a dire elephant
 18113 | Lair:6   | Noticed a dire elephant
 18120 | Lair:6   | Killed a dire elephant
 18125 | Lair:6   | Killed a dire elephant
 18126 | Lair:6   | Noticed a dire elephant
 18140 | Lair:6   | Killed a dire elephant
 18369 | Lair:5   | Reached skill level 21 in Unarmed Combat
 18400 | Lair:6   | Reached ****** piety under Qazlal
 18685 | Lair:6   | Reached skill level 10 in Armour
 18685 | Lair:6   | Reached XP level 15. HP: 125/126 MP: 14/14
 18738 | Lair:6   | Found a staircase to the Slime Pits.
 18739 | Lair:6   | Found a viscous altar of Jiyva.
 19162 | Lair:6   | Reached skill level 1 in Invocations
 19439 | Orc:1    | Entered Level 1 of the Orcish Mines
 19572 | Orc:2    | Entered Level 2 of the Orcish Mines
 19967 | Orc:1    | Noticed Maurice
 20076 | Orc:1    | Killed Maurice
 20577 | Orc:2    | Paralysed by an orc sorcerer for 5 turns
 20607 | Orc:2    | Found Xietoen's Book Shoppe.
 20607 | Orc:2    | Found Xuwyffu's General Store.
 20616 | Orc:2    | Found Punwer's Assorted Antiques.
 20616 | Orc:2    | Found Gaont's Book Boutique.
 20627 | Orc:2    | Bought a potion of curing for 75 gold pieces
 20627 | Orc:2    | Bought a scroll labelled CEEDEGR GUNUUN for 25 gold pieces
 20627 | Orc:2    | Bought a potion of heal wounds for 125 gold pieces
 20631 | Orc:2    | Bought a scroll of teleportation for 75 gold pieces
 20641 | Orc:2    | Bought a scroll of fog for 30 gold pieces
 20769 | Orc:2    | Found a staircase to the Elven Halls.
 21225 | D:11     | Found Yshokuoli's Distillery.
 21229 | D:11     | Bought 2 potions of curing for 72 gold pieces
 21229 | D:11     | Bought a potion of heal wounds for 60 gold pieces
 21229 | D:11     | Bought a potion of heal wounds for 60 gold pieces
 21229 | D:11     | Bought a potion of curing for 36 gold pieces
 21229 | D:11     | Bought a potion of haste for 120 gold pieces
 21229 | D:11     | Bought a potion of heal wounds for 60 gold pieces
 21229 | D:11     | Bought a potion of curing for 36 gold pieces
 21229 | D:11     | Bought 2 potions of curing for 72 gold pieces
 21229 | D:11     | Bought a potion of might for 48 gold pieces
 22146 | D:12     | Found a frozen archway.
 22157 | IceCv    | Entered an ice cave
 22163 | IceCv    | Reached skill level 5 in Invocations
 22607 | IceCv    | Noticed a frost giant
 22628 | IceCv    | Killed a frost giant
 23017 | D:12     | Reached XP level 16. HP: 141/141 MP: 19/19
 23180 | D:12     | Found a portal to a secret trove of treasure.
 23469 | D:13     | Found a gate to the Vaults.
 23469 | D:13     | Noticed Urug
 23469 | D:13     | Noticed Rupert
 23483 | D:12     | Killed Rupert
 23530 | D:13     | Killed Urug
 23611 | D:13     | Paralysed by a wizard for 5 turns
 23739 | D:13     | Identified Jalaq's Tome of Plaster Cramp
 23746 | D:13     | Identified the Volume of Combed Thunderclap
 23897 | D:13     | Identified Yryurauz's Papyrus of Sand
 24526 | D:14     | Paralysed by a floating eye for 3 turns
 25070 | D:15     | Entered Level 15 of the Dungeon
 25107 | D:15     | Noticed Agnes
 25112 | D:15     | Killed Agnes
 26184 | D:15     | Found a staircase to the Depths.
 26520 | Spider:1 | Entered Level 1 of the Spider Nest
 26757 | Lair:2   | Reached skill level 15 in Fighting
 26757 | Lair:2   | Reached XP level 17. HP: 156/156 MP: 22/22
 27594 | Spider:2 | Noticed Donald
 27604 | Spider:2 | Killed Donald
 28022 | Spider:2 | Noticed Jorgrun
 28343 | Spider:1 | Killed Jorgrun
 28798 | Spider:2 | Noticed Arachne
 28817 | Spider:2 | Killed Arachne
 28878 | Spider:2 | Reached skill level 10 in Shields
 28885 | Spider:2 | Reached skill level 10 in Invocations
 29241 | Spider:2 | Noticed Roxanne
 29258 | Spider:2 | Killed Roxanne
 31151 | Spider:4 | Entered Level 4 of the Spider Nest
 31166 | Spider:3 | Reached XP level 18. HP: 128/168 MP: 23/25
 33331 | Spider:4 | Got a gossamer rune of Zot
 33617 | Shoals:1 | Entered Level 1 of the Shoals
 34488 | Shoals:1 | You fall into a shaft and drop 1 floor!
 35227 | Shoals:2 | Reached XP level 19. HP: 179/179 MP: 26/26
 35305 | Shoals:2 | Noticed Polyphemus
 35313 | Shoals:2 | Killed Polyphemus
 37109 | Shoals:4 | Entered Level 4 of the Shoals
 37302 | Shoals:4 | Noticed Ilsuiw
 37995 | Shoals:3 | Killed Ilsuiw
 38495 | Shoals:4 | Reached skill level 15 in Shields
 38650 | Shoals:4 | Got a barnacled rune of Zot
 39305 | Slime:1  | Entered Level 1 of the Pits of Slime
 39983 | Slime:3  | Paralysed by a great orb of eyes for 6 turns
 40174 | Slime:2  | HP: 5/179 [acid (8)]
 40796 | Slime:5  | Entered Level 5 of the Pits of Slime
 40852 | Slime:4  | Reached XP level 20. HP: 139/187 MP: 27/29
 41076 | Slime:5  | Noticed the Royal Jelly
 41605 | Slime:5  | HP: 8/187 [acid[the Royal Jelly] (5)]
 41606 | Slime:5  | HP: 2/187 [azure jelly[the Royal Jelly] (8)]
 41606 | Slime:5  | Slain by an azure jelly

Illustrated notes

Levels and vault maps discovered:
D:1:      dpeg_arrival_rooms_c, layout_loops_ring, minmay_tree_intersection,
          hex_tiny
D:2:      layout_loops_cross, lemuel_crystal_altar, uniq_terence
D:3:      corexii_shack_village, layout_loops_cross,
          corexii_item_surrounded_by_moat
D:4:      layout_cave_pools, uniq_robin, uniq_ijyb
D:5:      layout_rooms, nicolae_dithmenos_shadow_blocks, uniq_duvessa
D:6:      layout_loops_ring, gup_sewer_entry_glass, kennysheep_cluttered_room,
          hex_large, nicolae_ru_path_of_blood, uniq_crazy_yiuf_cottage
D:7:      layout_layer_cave, minmay_temple_entry_waves, minmay_checkerbox,
          uniq_joseph, uniq_pikel, uniq_harold
D:8:      layout_gridville, serial_shops, nicolae_shop_crystal, enter_ossuary_3,
          kennysheep_opposing_triangles, uniq_grum
D:9:      layout_rooms, minmay_misc_feat_enclosed, nicolae_transmutations_shop,
          chequers_serial_rivers_micro_c
D:10:     layout_loops_ring, david_lair_generic, orc_0_dummy
D:11:     layout_stronghold, serial_shops, shop
D:12:     layout_basic, serial_ice, serial_ice_b, serial_ice_n, serial_ice_o,
          serial_ice_j, serial_ice_h, serial_ice_m, portal_ice_cave_rime,
          enter_trove_1, minmay_starry_boxes
D:13:     layout_small_grid, david_vaults_3, bh_hangedman_babel_library
D:14:     layout_roguey, nrook_mini_vaults
D:15:     hangedman_depths_entry_try_elsewhere_first, layout_stronghold,
          nicolae_sextant, uniq_agnes
Temple:   minmay_crystal_snake_temple
Lair:1:   layout_gridlike, uniq_maggie
Lair:2:   layout_cave_pods, spider_nest_entry_funnel_web,
          nicolae_volcano_entry_two_sided, beast_lair_carwin_10, uniq_nergalle
Lair:3:   layout_chaotic_city, minmay_shoals_entry_hut,
          hellmonk_ghost_happy_afterlife, grunt_megastairs_2
Lair:4:   layout_misc_corridors, beast_lair_carwin_6, serial_bayou_shore_b,
          uniq_sonja
Lair:5:   layout_hall_layers, grunt_megastairs_1, lemuel_fruit_tree
Lair:6:   due_jungle_book, layout_regular_city, slime_altar_1,
          gauntlet_entry_generic, minmay_lindwurm_lava
Shoals:1: layout_shoals, centaur_isle
Shoals:2: layout_shoals, nicolae_shoals_wave_tunnel, uniq_polyphemus
Shoals:3: layout_shoals, yaktaur_hedge
Shoals:4: shoals_end_grunt_garden, layout_shoals, shoal_ilsuiw
Spider:1: layout_spider_delve, drop_trap
Spider:2: layout_chambers, hangedman_spider_tarantella_strand, uniq_jorgrun,
          uniq_donald, uniq_arachne, uniq_roxanne
Spider:3: nicolae_spider_mines_1, nicolae_spider_ant_collections
Spider:4: grunt_spider_rune_circles, nicolae_orb_island
Slime:1:  layout_caves
Slime:2:  layout_caves
Slime:3:  layout_caves
Slime:4:  layout_caves
Slime:5
Orc:1:    layout_caves, elves_outpost_lemuel, uniq_maurice, uniq_snorg
Orc:2:    st_orc_elflike, layout_diamond_mine

Skill      XL: |  1  2  3  4  5  6  7  8  9 10 11 12 13 14 15 16 17 18 19 20 |
---------------+-------------------------------------------------------------+-----
Unarmed Combat | 3 4 5 6 7 8 10 12 14 16 18 19 21 | 21.2
Shields        | 1 2 3 5 7 9 10 12 15 | 15.2
Fighting       | 6 8 10 12 15 16 18 | 18.0
Armour         | 2 5 8 10 | 10.0
Invocations    | 5 8 10 11 13 14 | 14.5
Dodging        | |  1.7
Stealth        | |  5.4

Action                   |  1- 3 |  4- 6 |  7- 9 | 10-12 | 13-15 | 16-18 | 19-21 || total
-------------------------+-------+-------+-------+-------+-------+-------+-------++-------
Melee: Unarmed           |   120 |   181 |   312 |   631 |  1046 |  1474 |   584 ||  4348
       Punch             |     3 |     4 |     7 |       |       |       |       ||    14
Throw: Throwing net      |       |       |       |     1 |       |       |       ||     1
Invok: Upheaval          |       |       |       |     1 |       |       |     4 ||     5
       Disaster Area     |       |       |       |       |       |     1 |       ||     1
Evoke: Wand              |       |     3 |     4 |     1 |    14 |    17 |    15 ||    54
       Tin of tremorston |       |       |       |       |     3 |       |       ||     3
       Condenser vane    |       |       |       |       |     2 |       |       ||     2
       Phantom mirror    |       |       |       |       |     1 |     2 |     1 ||     4
  Use: Scroll            |     1 |       |     2 |    20 |    12 |    12 |     4 ||    51
       Potion            |       |       |     5 |     2 |     4 |     5 |    16 ||    32
 Stab: Sleeping          |    11 |       |       |       |       |       |       ||    11
       Distracted        |       |       |     1 |       |       |     1 |       ||     2
       Held in net/web   |       |       |       |     1 |       |       |       ||     1
       Petrified         |       |       |       |     4 |     5 |       |       ||     9
Armor: Leather armour    |    24 |       |       |       |       |       |       ||    24
       Scale mail        |    12 |    71 |   103 |   124 |   339 |   788 |   251 ||  1688
Dodge: Dodged            |    53 |    99 |   177 |   209 |   267 |   608 |   247 ||  1660
       Repelled          |       |       |       |     4 |     4 |     4 |    26 ||    38
Block: Buckler           |       |       |     9 |   237 |   573 |  1286 |   284 ||  2389
       Kite shield       |       |       |       |       |       |       |   392 ||   392
       Reflection        |       |       |       |       |       |       |    44 ||    44
